 Dungeon Crawl Stone Soup version 0.26-a0-1191-ge2a0e31ab3 (webtiles) character file.

Game seed: 5655680022988282893

3843 pkoi the Grappler (level 9, -13/79 (85) HPs)
             Began as a Troll Monk on Dec 29, 2020.
             Was a Believer of Makhleb.
             Mangled by an orc knight
             ... wielding a +0 trident
              (19 damage)
             ... in a bailey.
             The game lasted 00:11:03 (7679 turns).

pkoi the Grappler (Troll Monk)                      Turns: 7679, Time: 00:11:03

HP:   -13/79 (85)   AC: 11    Str: 24    XL:     9   Next: 98%
MP:   12/12         EV: 11    Int:  6    God:    Makhleb [**....]
Gold: 624           SH:  5    Dex: 12    Spells: 8/8 levels left

rFire    . . .     SeeInvis .     - Unarmed
rCold    . . .     Faith    .   (no shield)
rNeg     . . .     Spirit   .   a - +1 robe
rPois    .         Reflect  +   (helmet restricted)
rElec    .         Harm     .   l - scarf {+Inv}
rCorr    .         Rampage  .   (gloves unavailable)
Will     .....                  (boots unavailable)
Stlth    ++........             A - amulet of reflection
HPRegen  0.63/turn              y - +4 ring of protection
MPRegen  0.13/turn              r - ring of flight

@: drained
A: large, unfitting armour, claws 3, regeneration 1, shaggy fur 1, tough skin 3
a: Renounce Religion, Evoke Invisibility, Evoke Flight, Minor Destruction


You were in a bailey.
You worshipped Makhleb.
Makhleb was pleased with you.
You visited 2 branches of the dungeon, and saw 10 of its levels.
You also visited: Bailey.

You collected 624 gold pieces.

Inventory:

Missiles
 h - 22 boomerangs (quivered)
Armour
 a - a +1 robe (worn)
 l - a scarf of invisibility (worn)
 p - a scarf of shadows
Jewellery
 i - a +6 ring of strength
 r - a ring of flight (right claw)
 t - an uncursed ring of willpower
 w - a +4 ring of evasion
 y - a +4 ring of protection (left claw)
 z - an uncursed ring of protection from cold
 A - an amulet of reflection (around neck)
 D - an uncursed ring of wizardry
 H - an uncursed ring of poison resistance
 J - an uncursed ring of stealth
Wands
 n - a wand of iceblast (16)
 F - a wand of acid (7)
Scrolls
 b - 5 scrolls of teleportation
 c - 3 scrolls of remove curse
 e - 2 scrolls of blinking
 f - 3 scrolls of identify
 g - 4 scrolls of fog
 k - a scroll of enchant weapon
 o - a scroll of enchant armour
Potions
 d - 2 potions of haste
 j - 3 potions of brilliance
 q - 2 potions of curing
 u - 3 potions of might
 v - 4 potions of berserk rage
 x - 3 potions of lignification
 B - 2 potions of flight
 E - 2 potions of heal wounds


   Skills:
 - Level 4.3 Fighting
 - Level 4.3 Dodging
 - Level 1.0 Stealth
 + Level 11.6 Unarmed Combat
 + Level 5.4 Invocations


You had 8 spell levels left.
You didn't know any spells.
Your spell library contained the following spells:

 Spells                   Type           Power        Failure   Level
 Corona                   Hex            0%           45%         1
 Magic Dart               Conj           0%           45%         1
 Blink                    Tloc           N/A          58%         2
 Call Imp                 Summ           0%           58%         2
 Ensorcelled Hibernation  Hex/Ice        0%           58%         2
 Slow                     Hex            0%           58%         2
 Confusing Touch          Hex            0%           83%         3
 Conjure Flame            Conj/Fire      0%           83%         3
 Dazzling Flash           Conj/Hex       0%           83%         3
 Gell's Gravitas          Tloc           0%           83%         3
 Mephitic Cloud           Conj/Pois/Air  0%           83%         3
 Tukima's Dance           Hex            0%           83%         3
 Petrify                  Tmut/Erth      0%           99%         4
 Metabolic Englaciation   Hex/Ice        0%           100%        5
 Yara's Violent Unravell  Hex/Tmut       0%           100%        5


Dungeon Overview and Level Annotations

Branches:
Dungeon (9/15)             Temple (1/1) D:7            Lair (0/6) D:9
 Bailey (1/1)
    Orc: D:9-12

Altars:
Ashenzari
Cheibriados
Dithmenos
Elyvilon
Fedhas
Gozag
Hepliaklqana
Kikubaaqudgha
Makhleb
Nemelex Xobeh
Okawaru
Ru
Sif Muna
Trog
Uskayaw
Vehumet
Wu Jian
Xom
Yredelemnul
Zin
The Shining One

Shops:
D:6 [

Annotations:
D:9 Maurice


Innate Abilities, Weirdness & Mutations

You are too large for most types of armour.
You have claws for hands.
Your natural rate of healing is unusually fast.
You are covered in fur. (AC +1)
You have extremely tough skin. (AC +3)


Message History

You open the door.
The orc knight roars a battlecry!
The orcs go into a battle-frenzy!
The orc knight roars a battlecry!
The orc knight goes into a battle-frenzy!
There is an open door here.
The orc warrior shouts!
The orc knight hits you from afar with a +0 trident!!
The orc warrior hits you with a +0 glaive.
The orc knight hits you from afar with a +0 trident!
You barely miss the orc warrior. The orc warrior barely misses you.
The orc knight hits you from afar with a +0 trident!!
* * * LOW HITPOINT WARNING * * *
The orc warrior barely misses you.
You scratch the orc warrior. You claw the orc warrior.
The orc warrior is lightly wounded.
The orc warrior hits you from afar with a +0 spear!
* * * LOW HITPOINT WARNING * * *
The orc knight hits you from afar with a +0 trident!!
You die...

#.≈.#############'###'#########)
#.≈.##)....##.........## ##.
#.≈..##...##..§≈≈≈§≈≈..# ##..
#.≈≈..##.#'..§≈.....§§..# ##..≈
##.≈≈).#'#..§≈..⌠∩⌠..§≈§.# #..≈≈
#∩.≈≈..#'#..≈≈oo.⌠...≈≈..#+#..≈≈
#.≈≈).##.##..≈§oo...≈≈..##.##..≈
#.≈).##...##..≈≈≈≈§≈≈..##...##).
#.≈.##.....##..@o.....#'.....##.
#.≈)#############+#############.
#.≈.)##### ##.......)..
#.≈≈≈≈≈≈≈####### ##..≈≈≈≈≈≈≈≈≈
#.........##...## ##..≈≈........
########.##..≈..###..≈≈..#######
####...##...≈≈.....≈≈..##
##∩..#######..≈≈≈≈≈≈≈..## #∩####
##.........##


You could see 2 orc knights and 3 orc warriors.

Vanquished Creatures
  Maggie (D:8)
  A komodo dragon (D:8)
  2 water moccasins
  3 orc warriors
  2 black bears
  2 ice beasts (D:7)
  3 ogres
  4 centaurs
  2 big kobolds
  3 bullfrogs
  A scorpion (D:8)
  5 killer bees (D:8)
  4 howler monkeys
  A bullfrog zombie (D:9)
  An orc priest (D:4)
  3 jellies
  2 bullfrog skeletons
  3 centaur skeletons
  3 hounds
  Crazy Yiuf (D:7)
  Jessica (D:3)
  3 iguanas
  6 orc wizards
  Terence (D:3)
  3 worker ants
  A hound zombie (D:5)
  A hound skeleton (D:7)
  4 gnolls (D:5)
  7 adders
  A shadow imp (D:5)
  A white imp (D:5)
  An ooze (D:3)
  3 adder skeletons
  A worm (D:2)
  5 dart slugs
  2 leopard geckos
  26 orcs
  6 bats
  7 giant cockroaches
  9 goblins
  10 hobgoblins
  24 jackals
  3 quokkas
  6 frilled lizards
  A giant cockroach zombie (D:5)
  11 kobolds
  A leopard gecko skeleton (D:9)
  A quokka skeleton (D:7)
  11 rats
204 creatures vanquished.

Vanquished Creatures (collateral kills)
  A water moccasin (D:9)
1 creature vanquished.

Vanquished Creatures (others)
  A bullfrog (D:9)
  25 fungi (D:9)
  17 plants (D:9)
43 creatures vanquished.

Grand Total: 248 creatures vanquished

Notes
Turn   | Place    | Note
-------+----------+-------------------------------------------
     0 | D:1      | pkoi the Troll Monk began the quest for the Orb.
     0 | D:1      | Reached XP level 1. HP: 22/22 MP: 0/0
    63 | D:1      | Reached XP level 2. HP: 29/29 MP: 1/1
   345 | D:1      | Reached skill level 4 in Unarmed Combat
   485 | D:1      | Reached XP level 3. HP: 36/36 MP: 2/2
  1076 | D:2      | Reached XP level 4. HP: 37/44 MP: 3/3
  1090 | D:2      | Reached skill level 5 in Unarmed Combat
  1261 | D:2      | Noticed a moth of wrath
  1263 | D:2      | Found a bloodstained altar of Trog.
  1654 | D:3      | Found an ornate altar of the Wu Jian Council.
  1723 | D:3      | Noticed Terence
  1732 | D:3      | Killed Terence
  1822 | D:3      | Noticed Jessica
  1834 | D:3      | Killed Jessica
  1835 | D:3      | Reached XP level 5. HP: 43/50 MP: 4/4
  1840 | D:3      | Reached skill level 6 in Unarmed Combat
  1898 | D:3      | Found a sacrificial altar of Ru.
  2619 | D:4      | Reached XP level 6. HP: 28/59 MP: 5/5
  2625 | D:4      | Reached skill level 7 in Unarmed Combat
  3258 | D:4      | Found a radiant altar of Vehumet.
  3543 | D:5      | Entered Level 5 of the Dungeon
  3693 | D:5      | Reached skill level 8 in Unarmed Combat
  3717 | D:5      | Reached XP level 7. HP: 66/66 MP: 6/6
  3893 | D:5      | Found a hazy altar of Hepliaklqana.
  4666 | D:6      | Found Cetiozac's Antique Armour Boutique.
  4753 | D:6      | Reached skill level 9 in Unarmed Combat
  4753 | D:6      | Reached XP level 8. HP: 75/75 MP: 7/7
  4810 | D:6      | Found a hide-covered altar of Uskayaw.
  5244 | D:7      | Reached skill level 10 in Unarmed Combat
  5354 | D:7      | Found a staircase to the Ecumenical Temple.
  5387 | Temple   | Entered the Ecumenical Temple
  5617 | Temple   | Became a worshipper of Makhleb the Destroyer
  5617 | Temple   | Reached * piety under Makhleb
  5617 | Temple   | Reached ** piety under Makhleb
  5890 | D:7      | Found a runed translucent door.
  5891 | D:7      | Noticed Crazy Yiuf
  5898 | D:7      | Killed Crazy Yiuf
  5899 | D:7      | Reached skill level 1 in Invocations
  6012 | D:8      | Reached XP level 9. HP: 85/85 MP: 7/9
  6064 | D:8      | Found a blossoming altar of Fedhas.
  6311 | D:8      | Found a shimmering altar of Xom.
  6313 | D:8      | Found a shimmering altar of Xom.
  6313 | D:8      | Found an ornate altar of the Wu Jian Council.
  6315 | D:8      | Found a shadowy altar of Dithmenos.
  6315 | D:8      | Found a stormy altar of Qazlal.
  6315 | D:8      | Found a glowing golden altar of the Shining One.
  6456 | D:8      | Found an opulent altar of Gozag.
  6533 | D:8      | Noticed Maggie
  6548 | D:8      | Killed Maggie
  6942 | D:9      | Found a staircase to the Lair.
  6954 | D:9      | Noticed a komodo dragon
  6955 | D:9      | Reached skill level 11 in Unarmed Combat
  7005 | D:8      | Killed a komodo dragon
  7014 | D:8      | Reached skill level 5 in Invocations
  7171 | D:9      | Found a sparkling altar of Nemelex Xobeh.
  7273 | D:9      | Noticed Maurice
  7304 | D:9      | Found a flagged portal.
  7312 | Bailey   | Entered a bailey
  7475 | Bailey   | Noticed an orc knight
  7475 | Bailey   | Noticed an orc knight
  7679 | Bailey   | Mangled by an orc knight

Illustrated notes

Levels and vault maps discovered:
D:1:      ncdulo_lavacross, layout_loops_corners, fountainhead,
          minmay_small_reverse_x
D:2:      layout_loops_cross, tgw_trog, minmay_vboxes
D:3:      layout_loops_corners, nzn_wu_jian_council_hall,
          general_overflow_altar, kennysheep_generic_room_14, uniq_jessica,
          uniq_terence
D:4:      layout_cave_pods, lemuel_doored_altar, corner_web_ring
D:5:      layout_loops_ring, nicolae_overflow_crystal_walls
D:6:      layout_basic, lemuel_round_altar, serial_shops, shop
D:7:      layout_cave_pools, temple_fountains, uniq_crazy_yiuf_cottage
D:8:      layout_loops_corners, fedhas_altar_4, grunt_gozag_statues,
          doesnt_xom_only_xom, uniq_maggie
D:9:      layout_loops_cross, nemelex_xobeh_ov_fountains_minmay,
          kennysheep_mini_moat, due_lair_maze_entry_diamond, enter_bailey_2,
          grunt_ministairs_15, uniq_maurice
Temple:   minmay_temple_curvy_loop
Bailey:   bailey_polearm_1, bailey

Skill      XL: |  1  2  3  4  5  6  7  8  9 |
---------------+----------------------------+-----
Unarmed Combat | 4 5 6 8 9 10 11 | 11.6
Fighting       | 3 4 |  4.3
Dodging        | 3 4 |  4.3
Invocations    | 1 5 |  5.4
Stealth        | |  1.0

Action                   |  1- 3 |  4- 6 |  7- 9 || total
-------------------------+-------+-------+-------++-------
Melee: Unarmed           |   113 |   155 |   296 ||   564
       Punch             |     1 |     8 |    18 ||    27
 Abil: Evoke Flight      |       |       |     2 ||     2
  Use: Scroll            |       |       |    19 ||    19
 Stab: Sleeping          |     3 |     2 |       ||     5
       Distracted        |       |       |     1 ||     1
Armor: Robe              |    39 |    64 |    62 ||   165
Dodge: Dodged            |    58 |   103 |   200 ||   361
Block: Other             |       |       |    38 ||    38

Table legend: (Time is in decaauts)
 A = Elapsed time spent in this place.
 B = Non-inter-level travel time spent in this place.
 C = Inter-level travel time spent in this place.
 D = Time resting spent in this place.
 E = Time spent auto-exploring this place.
 F = Levels seen in this place.
 G = Mean time per level.
                   A        B        C        D        E       F      G
               +--------+--------+--------+--------+--------+-----+--------+
         Total |   7587 |   7306 |    281 |    851 |   4945 |  11 |  689.7 |
       Dungeon |   6971 |   6730 |    241 |    741 |   4678 |   9 |  774.6 |
        Temple |    259 |    219 |     40 |      0 |    185 |   1 |  259.0 |
        Bailey |    356 |    356 |      0 |    110 |     82 |   1 |  356.0 |
               +--------+--------+--------+--------+--------+-----+--------+

Top non-repeatable levels by time:
     D:4: 1173 daAuts
     D:8: 1092 daAuts
     D:1: 865 daAuts
     D:3: 823 daAuts
     D:5: 768 daAuts
     D:2: 749 daAuts
     D:6: 710 daAuts
     D:7: 520 daAuts
  Bailey: 356 daAuts
     D:9: 267 daAuts
  Temple: 259 daAuts
